Workbook

Sheet ЛСР
R1: Приложение №
R2: к Договору подряда №
B3: ПОДРЯДЧИК: | D3: ЗАКАЗЧИК: | P3: ТЕХНИЧЕСКИЙ ЗАКАЗЧИК:
B6: ___________/
E8: Локальный сметный расчет №3
E9: Устройство системы телефонии. ГП-75. Сети связи. Телефония
A11: № | B11: Наименование | C11: Марка | D11: Характеристика | E11: Ед. изм. | F11: 75.1 | G11: 75.2 | H11: 75.3 | I11: 75.4 | J11: 75.5 | K11: 75.6 | L11: 75.7 | M11: 75.8 | N11: Кол-во | O11: Цена | P11: Сумма | Q11: Примечание | R11: Форма закупа материала
A12: 11 | B12: Внутренние инженерные сети
A13: 11.12. | B13: Устройство телефонии
A14: 11.12.01 | B14: Прокладка кабеля, трубы
A15: 11.12.01.00 | B15: Прокладка кабеля, трубы | P15: =P16+P19 -> 11035687
B16: Работа: | P16: =SUM(P17:P18) -> 2565053
B17: Прокладка трубы | E17: м | F17: =SUM(F26:F28) -> 2740 | G17: =SUM(G26:G28) -> 2420 | H17: =SUM(H26:H28) -> 2550 | I17: =SUM(I26:I28) -> 1120 | J17: =SUM(J26:J28) -> 1120 | K17: =SUM(K26:K28) -> 2550 | L17: =SUM(L26:L28) -> 2020 | M17: =SUM(M26:M28) -> 2020 | N17: =SUM(F17:M17) -> 16540 | O17: =работы!O17 -> 125 | P17: =O17*N17 -> 2067500
B18: Монтаж лотка | E18: м | F18: =(F22)*3 -> 48 | G18: =(G22)*3 -> 51 | H18: =(H22)*3 -> 54 | I18: =(I22)*3 -> 45 | J18: =(J22)*3 -> 45 | K18: =(K22)*3 -> 54 | L18: =(L22)*3 -> 51 | M18: =(M22)*3 -> 51 | N18: =SUM(F18:M18) -> 399 | O18: =работы!O18 -> 1247 | P18: =O18*N18 -> 497553
B19: Материалы: | P19: =SUM(P20:P31) -> 8470633.8
B20: Анкер латунный забивной М8 IEK | D20: CLP1M-AL-8 | E20: шт | F20: 96 | G20: 102 | H20: 108 | I20: 90 | J20: 90 | K20: 108 | L20: 102 | M20: 102 | N20: =SUM(F20:M20) -> 798 | O20: =материалы!O16 -> 56 | P20: =N20*O20 -> 44688 | Q20: 2 шт на 1м лотка
B21: Гайка со стопорным буртом М8 | D21: CLP1M-N-8-2 | E21: шт | F21: 96 | G21: 102 | H21: 108 | I21: 90 | J21: 90 | K21: 108 | L21: 102 | M21: 102 | N21: =SUM(F21:M21) -> 798 | O21: =материалы!O17 -> 96 | P21: =N21*O21 -> 76608 | Q21: 2 шт на 1м лотка
B22: Лоток проволочный 60х100 IEK 3 метра | D22: CLWG10-060-100-3 | E22: шт | F22: 16 | G22: 17 | H22: 18 | I22: 15 | J22: 15 | K22: 18 | L22: 17 | M22: 17 | N22: =SUM(F22:M22) -> 133 | O22: =материалы!O18 -> 136 | P22: =N22*O22 -> 18088 | Q22: горизонтальный лоток по техподполью
B23: Профиль перфорированный П-образный 2100-2,0 IEK | D23: CLM50D-PPP-210-20 | E23: шт | F23: 6.86 | G23: 7.29 | H23: 7.71 | I23: 6.43 | J23: 6.43 | K23: 7.71 | L23: 7.29 | M23: 7.29 | N23: =SUM(F23:M23) -> 57.01 | O23: =материалы!O19 -> 176 | P23: =N23*O23 -> 10033.76 | Q23: режим по 300мм, на 1м лотка
B24: Соединительный комплект одинарный MDS20 IEK | D24: CLW10-MDS-20 | E24: шт | F24: 128 | G24: 136 | H24: 144 | I24: 120 | J24: 120 | K24: 144 | L24: 136 | M24: 136 | N24: =SUM(F24:M24) -> 1064 | O24: =материалы!O20 -> 216 | P24: =N24*O24 -> 229824 | Q24: 8шт каждые 3м лотка
B25: Соединительный комплект одинарный MS20 IEK | D25: CLW10-MS-20 | E25: шт | F25: 96 | G25: 102 | H25: 108 | I25: 90 | J25: 90 | K25: 108 | L25: 102 | M25: 102 | N25: =SUM(F25:M25) -> 798 | O25: =материалы!O21 -> 256 | P25: =N25*O25 -> 204288 | Q25: 2 шт на 1м лотка
B26: Труба тип 1 | C26: DKC | D26: Труба гладкая ПВХ диаметром 50-63мм | E26: м | F26: 140 | G26: 120 | H26: 150 | I26: 120 | J26: 120 | K26: 150 | L26: 120 | M26: 120 | N26: =SUM(F26:M26) -> 1040 | O26: =материалы!O22 -> 296 | P26: =N26*O26 -> 307840 | Q26: 2 трубы в каб. стояке
B27: Труба тип 2 | D27: Труба ПЭ 20х2,0 PN12 | E27: м | F27: 2600 | J27: 1000 | M27: 1900 | N27: =SUM(F27:M27) -> 5500 | O27: =материалы!O23 -> 336 | P27: =N27*O27 -> 1848000 | Q27: от этажного щита до квартир в стяж
B28: Труба тип 3 | D28: Труба ПЭ 20х2,0 PN12 | E28: м | G28: 2300 | H28: 2400 | I28: 1000 | K28: 2400 | L28: 1900 | N28: =SUM(F28:M28) -> 10000 | O28: =материалы!O24 -> 376 | P28: =N28*O28 -> 3760000 | Q28: от этажного щита до квартир в стяжку
B29: Шпилька резьбовая М8х1000 DIN 975 IEK | D29: CLW10-TM-08-1 | E29: шт | F29: 48 | G29: 51 | H29: 54 | I29: 45 | J29: 45 | K29: 54 | L29: 51 | M29: 51 | N29: =SUM(F29:M29) -> 399 | O29: =материалы!O25 -> 416 | P29: =N29*O29 -> 165984 | Q29: 1 шт на 1м лотка
B30: Щит этажный встраиваемый RАL 7035 (1000х650х150) | C30: EKF | D30: EKF Basic | E30: шт | F30: 23 | G30: 19 | H30: 24 | I30: 19 | J30: 19 | K30: 24 | L30: 19 | M30: 17 | N30: =SUM(F30:M30) -> 164 | O30: =материалы!O26 -> 456 | P30: =N30*O30 -> 74784 | Q30: щит этажный
B31: Прочие материалы | O31: =материалы!O27 -> 0 | P31: =SUM(P32:P35) -> 1730496
B32: Дюбель гвозди 6х40 | E32: шт | F32: 100 | G32: 100 | H32: 100 | I32: 100 | J32: 100 | K32: 100 | L32: 100 | M32: 100 | N32: =SUM(F32:M32) -> 800 | O32: =материалы!O28 -> 536 | P32: =N32*O32 -> 428800
B33: Коробка распределительная 200х160х70мм скрытая IP30 гипрок | C33: HEGEL | D33: КР1205 HEGEL | E33: шт | F33: 179 | G33: 142 | H33: 138 | I33: 72 | J33: 72 | K33: 138 | L33: 132 | M33: 134 | N33: =SUM(F33:M33) -> 1007 | O33: =материалы!O29 -> 576 | P33: =N33*O33 -> 580032 | Q33: квартирная коробка
B34: Пена монтажная однокомпонентная огнезащитная в баллоне 740 мл DKC DF1201 | C34: торговая сеть | E34: шт | F34: 8 | G34: 8 | H34: 8 | I34: 8 | J34: 8 | K34: 8 | L34: 8 | M34: 8 | N34: =SUM(F34:M34) -> 64 | O34: =материалы!O30 -> 616 | P34: =N34*O34 -> 39424
B35: Хомут для труб 63 мм | C35: DKC | E35: шт | F35: 140 | G35: 120 | H35: 150 | I35: 120 | J35: 120 | K35: 150 | L35: 120 | M35: 120 | N35: =SUM(F35:M35) -> 1040 | O35: =материалы!O31 -> 656 | P35: =N35*O35 -> 682240
O36: Итого по ЛСР с НДС: | P36: =P15 -> 11035687
O37: в тч стоимость работ: | P37: =P16 -> 2565053
O38: в тч стоимость материалов: | P38: =P19 -> 8470633.8
O39: в тч НДС: | Q39: указать при необходимости
B42: Примечание:
A43: - | B43: В случае, если один из перечисленных прочих материалов не был использован по факту при производстве работ, заказчик вправе откорректировать процент расходных материалов в актах выполненных работ (формы КС-2, КС-3), уменьшив на сумму исключенного материала.
A44: - | B44: Стоимость СМР учитывает - затраты на все второстепенные материалы и работы необходимые для осуществления полного комплекса работ, включая затраты: обеспечение технической водой для производства работ и бытовых целей; на мобилизацию, аренду и эксплуатацию всех необходимых механизмов, оборудования и инструментов, бытовых помещений и биотуалетов; на подъем материалов и разноску по этажам к местам производства работ; выполнение сопутствующих работ; вывоз мусора; накладные расходы, прибыль организации, налоги и иные издержки Подрядчика. Обеспечение безопасного производства работ на участке.
A45: - | B45: Стоимость материалов учитывает стоимость доставки.
A46: - | B46: В случае изменения системы налогообложения, риски увеличения стоимости договора относятся на сторону, чья система налогообложения изменяется.

Sheet работы
R1: Приложение №
R2: к Договору подряда №
B3: ПОДРЯДЧИК: | D3: ЗАКАЗЧИК: | P3: ТЕХНИЧЕСКИЙ ЗАКАЗЧИК:
B6: ___________/
E8: Ведомость работ
E9: Устройство системы телефонии. ГП-75. Сети связи. Телефония
A11: № | B11: Наименование | C11: Марка | D11: Характеристика | E11: Ед. изм. | F11: 75.1 | G11: 75.2 | H11: 75.3 | I11: 75.4 | J11: 75.5 | K11: 75.6 | L11: 75.7 | M11: 75.8 | N11: Кол-во | O11: Цена | P11: Сумма | Q11: Примечание | R11: Форма закупа материала
A12: 11 | B12: Внутренние инженерные сети
A13: 11.12. | B13: Устройство телефонии
A14: 11.12.01 | B14: Прокладка кабеля, трубы
A15: 11.12.01.00 | B15: Прокладка кабеля, трубы
B16: Работа:
B17: Прокладка трубы | E17: м | F17: 2740 | G17: 2420 | H17: 2550 | I17: 1120 | J17: 1120 | K17: 2550 | L17: 2020 | M17: 2020 | N17: =SUM(F17:M17) -> 16540 | O17: 125 | P17: =O17*N17 -> 2067500
B18: Монтаж лотка | E18: м | F18: 48 | G18: 51 | H18: 54 | I18: 45 | J18: 45 | K18: 54 | L18: 51 | M18: 51 | N18: =SUM(F18:M18) -> 399 | O18: 1247 | P18: =O18*N18 -> 497553
O19: Итого стоимость работ: | P19: =SUM(P17:P18) -> 2565053
B22: Примечание:
A23: - | B23: В случае, если один из перечисленных прочих материалов не был использован по факту при производстве работ, заказчик вправе откорректировать процент расходных материалов в актах выполненных работ (формы КС-2, КС-3), уменьшив на сумму исключенного материала.
A24: - | B24: Стоимость СМР учитывает - затраты на все второстепенные материалы и работы необходимые для осуществления полного комплекса работ, включая затраты: обеспечение технической водой для производства работ и бытовых целей; на мобилизацию, аренду и эксплуатацию всех необходимых механизмов, оборудования и инструментов, бытовых помещений и биотуалетов; на подъем материалов и разноску по этажам к местам производства работ; выполнение сопутствующих работ; вывоз мусора; накладные расходы, прибыль организации, налоги и иные издержки Подрядчика. Обеспечение безопасного производства работ на участке.
A25: - | B25: Стоимость материалов учитывает стоимость доставки.
A26: - | B26: В случае изменения системы налогообложения, риски увеличения стоимости договора относятся на сторону, чья система налогообложения изменяется.

Sheet материалы
R1: Приложение №
R2: к Договору подряда №
B3: ПОДРЯДЧИК: | D3: ЗАКАЗЧИК: | P3: ТЕХНИЧЕСКИЙ ЗАКАЗЧИК:
B6: ___________/
E8: Ведомость материалов
E9: Устройство системы телефонии. ГП-75. Сети связи. Телефония
A11: № | B11: Наименование | C11: Марка | D11: Характеристика | E11: Ед. изм. | F11: 75.1 | G11: 75.2 | H11: 75.3 | I11: 75.4 | J11: 75.5 | K11: 75.6 | L11: 75.7 | M11: 75.8 | N11: Кол-во | O11: Цена | P11: Сумма | Q11: Примечание | R11: Форма закупа материала
A12: 11 | B12: Внутренние инженерные сети
A13: 11.12. | B13: Устройство телефонии
A14: 11.12.01 | B14: Прокладка кабеля, трубы
A15: 11.12.01.00 | B15: Прокладка кабеля, трубы
B16: Анкер латунный забивной М8 IEK | D16: CLP1M-AL-8 | E16: шт | F16: 96 | G16: 102 | H16: 108 | I16: 90 | J16: 90 | K16: 108 | L16: 102 | M16: 102 | N16: =SUM(F16:M16) -> 798 | O16: 56 | P16: =N16*O16 -> 44688 | Q16: 2 шт на 1м лотка
B17: Гайка со стопорным буртом М8 | D17: CLP1M-N-8-2 | E17: шт | F17: 96 | G17: 102 | H17: 108 | I17: 90 | J17: 90 | K17: 108 | L17: 102 | M17: 102 | N17: =SUM(F17:M17) -> 798 | O17: 96 | P17: =N17*O17 -> 76608 | Q17: 2 шт на 1м лотка
B18: Лоток проволочный 60х100 IEK 3 метра | D18: CLWG10-060-100-3 | E18: шт | F18: 16 | G18: 17 | H18: 18 | I18: 15 | J18: 15 | K18: 18 | L18: 17 | M18: 17 | N18: =SUM(F18:M18) -> 133 | O18: 136 | P18: =N18*O18 -> 18088 | Q18: горизонтальный лоток по техподполью
B19: Профиль перфорированный П-образный 2100-2,0 IEK | D19: CLM50D-PPP-210-20 | E19: шт | F19: 6.86 | G19: 7.29 | H19: 7.71 | I19: 6.43 | J19: 6.43 | K19: 7.71 | L19: 7.29 | M19: 7.29 | N19: =SUM(F19:M19) -> 57.01 | O19: 176 | P19: =N19*O19 -> 10033.76 | Q19: режим по 300мм, на 1м лотка
B20: Соединительный комплект одинарный MDS20 IEK | D20: CLW10-MDS-20 | E20: шт | F20: 128 | G20: 136 | H20: 144 | I20: 120 | J20: 120 | K20: 144 | L20: 136 | M20: 136 | N20: =SUM(F20:M20) -> 1064 | O20: 216 | P20: =N20*O20 -> 229824 | Q20: 8шт каждые 3м лотка
B21: Соединительный комплект одинарный MS20 IEK | D21: CLW10-MS-20 | E21: шт | F21: 96 | G21: 102 | H21: 108 | I21: 90 | J21: 90 | K21: 108 | L21: 102 | M21: 102 | N21: =SUM(F21:M21) -> 798 | O21: 256 | P21: =N21*O21 -> 204288 | Q21: 2 шт на 1м лотка
B22: Труба тип 1 | C22: DKC | D22: Труба гладкая ПВХ диаметром 50-63мм | E22: м | F22: 140 | G22: 120 | H22: 150 | I22: 120 | J22: 120 | K22: 150 | L22: 120 | M22: 120 | N22: =SUM(F22:M22) -> 1040 | O22: 296 | P22: =N22*O22 -> 307840 | Q22: 2 трубы в каб. стояке
B23: Труба тип 2 | D23: Труба ПЭ 20х2,0 PN12 | E23: м | F23: 2600 | J23: 1000 | M23: 1900 | N23: =SUM(F23:M23) -> 5500 | O23: 336 | P23: =N23*O23 -> 1848000 | Q23: от этажного щита до квартир в стяж
B24: Труба тип 3 | D24: Труба ПЭ 20х2,0 PN12 | E24: м | G24: 2300 | H24: 2400 | I24: 1000 | K24: 2400 | L24: 1900 | N24: =SUM(F24:M24) -> 10000 | O24: 376 | P24: =N24*O24 -> 3760000 | Q24: от этажного щита до квартир в стяжку
B25: Шпилька резьбовая М8х1000 DIN 975 IEK | D25: CLW10-TM-08-1 | E25: шт | F25: 48 | G25: 51 | H25: 54 | I25: 45 | J25: 45 | K25: 54 | L25: 51 | M25: 51 | N25: =SUM(F25:M25) -> 399 | O25: 416 | P25: =N25*O25 -> 165984 | Q25: 1 шт на 1м лотка
B26: Щит этажный встраиваемый RАL 7035 (1000х650х150) | C26: EKF | D26: EKF Basic | E26: шт | F26: 23 | G26: 19 | H26: 24 | I26: 19 | J26: 19 | K26: 24 | L26: 19 | M26: 17 | N26: =SUM(F26:M26) -> 164 | O26: 456 | P26: =N26*O26 -> 74784 | Q26: щит этажный
B27: Прочие материалы
B28: Дюбель гвозди 6х40 | E28: шт | F28: 100 | G28: 100 | H28: 100 | I28: 100 | J28: 100 | K28: 100 | L28: 100 | M28: 100 | N28: =SUM(F28:M28) -> 800 | O28: 536 | P28: =N28*O28 -> 428800
B29: Коробка распределительная 200х160х70мм скрытая IP30 гипрок | C29: HEGEL | D29: КР1205 HEGEL | E29: шт | F29: 179 | G29: 142 | H29: 138 | I29: 72 | J29: 72 | K29: 138 | L29: 132 | M29: 134 | N29: =SUM(F29:M29) -> 1007 | O29: 576 | P29: =N29*O29 -> 580032 | Q29: квартирная коробка
B30: Пена монтажная однокомпонентная огнезащитная в баллоне 740 мл DKC DF1201 | C30: торговая сеть | E30: шт | F30: 8 | G30: 8 | H30: 8 | I30: 8 | J30: 8 | K30: 8 | L30: 8 | M30: 8 | N30: =SUM(F30:M30) -> 64 | O30: 616 | P30: =N30*O30 -> 39424
B31: Хомут для труб 63 мм | C31: DKC | E31: шт | F31: 140 | G31: 120 | H31: 150 | I31: 120 | J31: 120 | K31: 150 | L31: 120 | M31: 120 | N31: =SUM(F31:M31) -> 1040 | O31: 656 | P31: =N31*O31 -> 682240
O32: Итого стоимость материалов | P32: =SUM(P16:P31) -> 8470633.8
B35: Примечание:
A36: - | B36: В случае, если один из перечисленных прочих материалов не был использован по факту при производстве работ, заказчик вправе откорректировать процент расходных материалов в актах выполненных работ (формы КС-2, КС-3), уменьшив на сумму исключенного материала.
A37: - | B37: Стоимость СМР учитывает - затраты на все второстепенные материалы и работы необходимые для осуществления полного комплекса работ, включая затраты: обеспечение технической водой для производства работ и бытовых целей; на мобилизацию, аренду и эксплуатацию всех необходимых механизмов, оборудования и инструментов, бытовых помещений и биотуалетов; на подъем материалов и разноску по этажам к местам производства работ; выполнение сопутствующих работ; вывоз мусора; накладные расходы, прибыль организации, налоги и иные издержки Подрядчика. Обеспечение безопасного производства работ на участке.
A38: - | B38: Стоимость материалов учитывает стоимость доставки.
A39: - | B39: В случае изменения системы налогообложения, риски увеличения стоимости договора относятся на сторону, чья система налогообложения изменяется.
